 Dungeon Crawl Stone Soup version 0.19.0-19-g8c6edcc (webtiles) character file.

542 Esekla the Cutter (level 7, -2/46 HPs)
             Began as an Octopode Skald on Nov 15, 2016.
             Slain by an orc
             ... wielding a +0 war axe
              (5 damage)
             ... on level 3 of the Dungeon.
             The game lasted 00:40:00 (3081 turns).

Esekla the Cutter (Octopode Skald)                  Turns: 3081, Time: 00:40:01

Health: -2/46      AC:  1    Str: 11    XL:     7   Next: 27%
Magic:  10/10      EV: 14    Int: 16    God:
Gold:   155        SH:  0    Dex: 12    Spells: 4 memorised, 2 levels left

rFire  . . .     SeeInvis .     m - +1 short sword (venom)
rCold  . . .     Gourm    .     (no shield)
rNeg   + . .     Faith    .     (helmet restricted)
rPois  +         Spirit   .     (no amulet)
rElec  .         Reflect  .     e - ring of poison resistance
rCorr  .         Harm     .     j - ring of positive energy
MR     .....                    (no ring)
Stlth  +++.......               (no ring)
                                (no ring)
                                (no ring)
                                (no ring)
                                (no ring)

@: no status effects
A: almost no armour, stealthy swim, amphibious, 8 rings, constrict 8, camouflage
1, gelatinous body 1
a: no special abilities


You were on level 3 of the Dungeon.
You were not hungry.

You visited 1 branch of the dungeon, and saw 4 of its levels.

You collected 155 gold pieces.

Inventory:

Hand Weapons
 a - a +0 short sword
 m - a +1 short sword of venom (weapon)
 p - a cursed -2 dagger
 x - a +4 whip
Missiles
 g - 2 tomahawks
 i - 19 stones (quivered)
 q - 5 javelins
 y - 2 throwing nets
Jewellery
 e - a ring of poison resistance (left tentacle)
 j - a ring of positive energy (right tentacle)
Scrolls
 f - 2 scrolls of identify
 k - a scroll of amnesia {unknown}
 l - a scroll of teleportation {unknown}
 r - a scroll of enchant armour {unknown}
 w - a scroll of blinking {unknown}
Potions
 h - a potion of might
 n - 5 potions of ambrosia
Books
 b - a book of Battle

   Spells                             Type                      Level
   a - Infusion                       Charms                       1
   b - Shroud of Golubria             Charms/Translocation         2
   c - Song of Slaying                Charms                       2
   d - Spectral Weapon                Hexes/Charms                 3
   e - Regeneration                   Charms/Necromancy            3
Comestibles
 c - 3 bread rations
 d - 2 meat rations
 u - a beef jerky
 v - a slice of pizza


   Skills:
 + Level 3.6 Fighting
 + Level 4.4 Short Blades
 + Level 4.0 Dodging
 - Level 1.1 Stealth
 - Level 2.0 Spellcasting
 * Level 2.5 Hexes
 - Level 3.0 Charms
 + Level 2.0 Translocations


You had 2 spell levels left.
You knew the following spells:

 Your Spells              Type           Power        Failure   Level  Hunger
a - Infusion              Chrm           ##..         8%          1    #......
b - Shroud of Golubria    Chrm/Tloc      #.........   12%         2    ###....
c - Song of Slaying       Chrm           ##......     10%         2    ###....
d - Spectral Weapon       Hex/Chrm       ##......     21%         3    ###....


Dungeon Overview and Level Annotations

Branches:
Dungeon (4/15)
 Temple: D:4-7

Altars:
Nemelex Xobeh

Annotations:
D:4 gribnar's ghost, amateur GrFi


Innate Abilities, Weirdness & Mutations

You cannot wear most types of armour.
You are very stealthy in the water. (Stealth+)
You are amphibious.
You can wear up to eight rings at the same time.
You can use your tentacles to constrict eight enemies at once.
Your skin changes colour to match your surroundings (Stealth+).
Your rubbery body absorbs attacks. (AC +1, EV +1)


Message History

You constrict the orc priest, but do no damage.
You hit the orc priest but do no damage.
The orc priest looks as sick as possible!
The orc priest is heavily wounded.
You constrict the orc priest.
The orc priest hits you with a short sword!
* * * LOW HITPOINT WARNING * * *
You hit the orc priest but do no damage.
The orc priest looks as sick as possible!
The orc priest is severely wounded.
You constrict the orc priest.
The orc priest hits you with a short sword.
* * * LOW HITPOINT WARNING * * *
You hit the orc priest but do no damage.
The orc priest looks as sick as possible!
The orc priest is almost dead.
You constrict the orc priest.
You kill the orc priest!
The orc hits you with a war axe.
You die...

#.# #.#####.# #.#
#....##.# #.#
####.##.#
####.#### #.##.#
........# #.##.#
###..#..#####.##.#
# #..#........##.#
# #..##.########.#
###..##.########@#
..).....<......o.#
#######>##########
# #.# # #.#
#######.#
........#
#########


You could see an orc.

Vanquished Creatures
  The ghost of razgard the Digger, an amateur DDEE (D:3)
  An ogre (D:4)
  2 orc priests (D:3)
  A worker ant (D:4)
  Natasha (twice) (D:2)
  Robin (D:2)
  4 gnolls (D:4)
  4 adders
  4 oozes
  4 worms
  2 dart slugs
  3 leopard geckos
  An orc (D:3)
  A ball python (D:3)
  8 giant cockroaches
  10 goblins
  11 hobgoblins
  2 quokkas (D:3)
  3 bats
  3 frilled lizards
  4 kobolds
  9 rats
81 creatures vanquished.

Notes
Turn   | Place    | Note
-------+----------+-------------------------------------------
     0 | D:1      | Esekla the Octopode Skald began the quest for the Orb.
     0 | D:1      | Reached XP level 1. HP: 14/14 MP: 3/3
    97 | D:1      | Reached XP level 2. HP: 17/19 MP: 5/5
   101 | D:1      | Learned a level 2 spell: Shroud of Golubria
   104 | D:1      | Learned a level 2 spell: Song of Slaying
   432 | D:1      | Reached XP level 3. HP: 24/25 MP: 6/6
   553 | D:1      | Reached skill level 1 in Translocations
   672 | D:2      | Noticed Robin
   675 | D:2      | Killed Robin
   713 | D:2      | Reached XP level 4. HP: 28/30 MP: 4/7
  1110 | D:2      | Noticed Natasha
  1311 | D:2      | Killed Natasha
  1311 | D:2      | Reached XP level 5. HP: 26/35 MP: 4/8
  1362 | D:2      | Noticed Natasha
  1371 | D:2      | Killed Natasha
  1371 | D:2      | Reached skill level 1 in Stealth
  1436 | D:2      | Learned a level 3 spell: Spectral Weapon
  1778 | D:3      | Noticed razgard's ghost (amateur DDEE)
  2169 | D:3      | Killed razgard's ghost
  2169 | D:3      | Reached skill level 1 in Hexes
  2169 | D:3      | Reached XP level 6. HP: 35/42 MP: 6/9
  2217 | D:4      | Found a sparkling altar of Nemelex Xobeh.
  2359 | D:4      | Noticed gribnar's ghost (amateur GrFi)
  2421 | D:4      | Reached XP level 7. HP: 14/46 MP: 10/10
  3073 | D:3      | HP: 1/46 [orc priest/short sword (4)]
  3081 | D:3      | Slain by an orc

Skill      XL: |  1  2  3  4  5  6 |
---------------+-------------------+-----
Dodging        | 2 3 4 |  4.0
Translocations | 1 2 |  2.0
Stealth        | 1 |  1.1
Fighting       | 3 |  3.6
Short Blades   | 3 4 |  4.4
Hexes          | 1 2 |  2.5
Spellcasting   | |  2.0
Charms         | |  3.0

Action                   |  1- 3 |  4- 6 |  7- 9 || total
-------------------------+-------+-------+-------++-------
Melee: Short sword       |    66 |    96 |    18 ||   180
       Constrict         |    16 |    24 |     3 ||    43
       Tentacles         |    10 |    17 |     4 ||    31
Throw: Tomahawk          |     2 |     1 |       ||     3
       Stone             |    36 |    36 |     1 ||    73
       Javelin           |       |     3 |       ||     3
 Cast: Shroud of Golubri |     2 |     4 |       ||     6
       Infusion          |       |     1 |       ||     1
       Spectral Weapon   |       |     1 |     1 ||     2
       Song of Slaying   |       |     1 |       ||     1
  Use: Scroll            |       |     4 |       ||     4
       Potion            |       |       |     3 ||     3
 Stab: Sleeping          |     5 |     5 |       ||    10
       Distracted        |       |     1 |       ||     1
  Eat: Pizza             |       |     1 |       ||     1
       Bread ration      |       |     1 |       ||     1
       Fruit             |       |       |     4 ||     4
Armor: Skin              |     5 |     1 |       ||     6
Dodge: Dodged            |    25 |    44 |     8 ||    77
